AoeStats
← ObscureMorgoth7

Arabia

505197815Analyzed
2v2 RM · 25d ago on Sep 8, 2026· 64m 58s· 4 players
Game mode
Random Map
Map size
Medium (4 player)
Population
200
Speed
Normal
Resources
Standard
Victory
Conquest
Starting age
Dark Age
Ending age
Imperial Age
RankedLock teamsTeams togetherTeam positionsShared explorationLock speedFull tech treeHidden civsTurbo modeCheats
Victory
Defeat
🇲🇽 Saracens · Mexico
910
+37
🇲🇽 Mongols · Mexico
910
+37
🇵🇱 Poles · Poland
885
-14
🇵🇱 Chinese · Poland
869
-14
Drakson
0:38 Loom
13:50 Feudal Age
16:45 Horse Collar
17:42 Double-Bit Axe
19:34 Gold Mining
21:27 Town Watch
24:14 Castle Age
22:08 Fletching
24:27 Padded Archer Armor
25:09 Town Patrol
25:06 Bodkin Arrow
24:46 Pikeman
25:27 Squires
25:50 Forging
25:48 Thumb Ring
26:07 Elite Skirmisher
27:24 Crossbowman
34:17 Leather Archer Armor
38:32 Imperial Age
37:44 Ballistics
37:37 Fortified Wall
40:36 Chemistry
39:43 Arbalester
40:58 Bow Saw
42:39 Great Wall
44:15 Bombard Tower
48:23 Wheelbarrow
47:16 Capped Ram
48:07 Bracer
48:38 Ring Archer Armor
48:15 Scale Barding Armor
48:47 Iron Casting
48:36 Conscription
48:59 Bloodlines
48:10 Cavalier
50:23 Husbandry
54:40 Halberdier
57:10 Scale Mail Armor
60:53 Light Cavalry
Rama
10:31 Feudal Age
11:06 Double-Bit Axe
11:46 Stone Mining
14:53 Horse Collar
25:00 Castle Age
24:00 Fletching
24:11 Padded Archer Armor
25:59 Bow Saw
25:51 Heavy Plow
25:59 Town Watch
26:50 Wheelbarrow
26:56 Stone Shaft Mining
31:52 Crossbowman
32:32 Bodkin Arrow
32:53 Leather Archer Armor
35:35 Thumb Ring
37:10 Elite Skirmisher
38:45 Gold Mining
39:47 Murder Holes
40:15 Ballistics
49:11 Imperial Age
49:15 Arbalester
56:32 Bloodlines
55:42 Light Cavalry
57:26 Husbandry
60:26 Crop Rotation
60:39 Winged Hussar
62:05 Forging
62:01 Scale Barding Armor
ObscureMorgoth7
8:47 Loom
10:34 Feudal Age
12:32 Double-Bit Axe
13:25 Horse Collar
15:58 Castle Age
16:38 Forging
21:35 Town Watch
21:41 Town Watch
25:58 Bloodlines
26:58 Husbandry
27:09 Scale Barding Armor
28:43 Iron Casting
29:36 Chain Barding Armor
31:18 Fletching
32:12 Gold Mining
32:15 Stone Mining
31:59 Light Cavalry
33:55 Wheelbarrow
36:24 Imperial Age
34:11 Bodkin Arrow
34:47 Padded Archer Armor
35:34 Ballistics
36:35 Bow Saw
37:02 Leather Archer Armor
38:44 Chemistry
39:03 Conscription
39:49 Bracer
40:53 Hand Cart
42:43 Blast Furnace
41:54 Thumb Ring
42:24 Elite Mangudai
43:46 Murder Holes
46:25 Drill
45:32 Hussar
47:06 Town Patrol
49:23 Gold Shaft Mining
55:40 Siege Engineers
55:37 Capped Ram
56:28 Siege Ram
60:27 Elite Steppe Lancer
Osukay
11:07 Feudal Age
14:46 Loom
19:00 Castle Age
18:51 Forging
18:33 Double-Bit Axe
18:30 Horse Collar
18:42 Stone Mining
21:32 Forging
33:18 Wheelbarrow
32:34 Gold Mining
36:13 Hand Cart
38:41 Imperial Age
38:02 Hand Cart
37:55 Scale Barding Armor
38:04 Town Watch
41:49 Conscription
40:50 Elite Mameluke
42:07 Iron Casting
42:25 Capped Ram
47:33 Gold Shaft Mining
50:08 Blast Furnace
49:28 Chain Barding Armor
55:47 Hoardings
55:48 Plate Barding Armor
54:51 Onager
56:19 Siege Onager
59:43 Bow Saw
61:34 Two-Man Saw
Connection lost

Rejoining the realm…

Still unreachable

The connection could not be restored.

Session expired

The server has moved on; the page needs a fresh start.